[Event "Late-Titled-Tuesday-Blitz-January-30-2024"]
[Site "Chess.com"]
[Date "2024.01.30"]
[Round "9"]
[White "Pingah9"]
[Black "SnekkerAndersen"]
[Result "0-1"]
[WhiteElo "2536"]
[BlackElo "2643"]
[TimeControl "180+1"]
[EndTime "15:41:24 PST"]
[Termination "SnekkerAndersen won by resignation"]

1. e4 a6 2. Bc4 h6 3. d4 e6 4.
Nf3 d6 5. O-O Nc6 6. c3 Bd7 7. Qe2 e5 8. Rd1 Nf6 9. h3 Qc8 10. Kh2 g5 11. dxe5 dxe5 12. Nfd2 g4 13. h4 Bd6 14. Nf1 Nh5 15. g3 Be6 16. Nbd2 Qd7 17. b4 O-O-O 18. a4 Nf4 19. Qe3 Qe7 20. b5 Na5 21. Bxe6+ fxe6 22. bxa6 Bc5 23. axb7+ Kb8 24. Qe1 Nd3 25. Qe2 Rhf8 0-1

[Event "Late-Titled-Tuesday-Blitz-January-30-2024"]
[Site "Chess.com"]
[Date "2024.01.30"]
[Round "9"]
[White "GothamChess"]
[Black "Felix-Rose"]
[Result "1-0"]
[WhiteElo "2735"]
[BlackElo "2404"]
[TimeControl "180+1"]
[EndTime "15:41:42 PST"]
[Termination "GothamChess won by resignation"]

1. e4 e5 2. Nf3 Nc6 3. c3 Nf6 4. d4 Nxe4 5. d5 Bc5 6. dxc6 Bxf2+ 7. Ke2 Bb6 8. Qd5 Nf2 9. Rg1 O-O 10. cxb7 Bxb7 11. Qxb7 e4 12. Nd4 c5 13. Nf5 c4 14.
Be3 Nd3 15. Nd2 d5 16. Qxd5 Bxe3 17. Qxd8 Rfxd8 18. Kxe3 1-0

[Event "Late-Titled-Tuesday-Blitz-January-30-2024"]
[Site "Chess.com"]
[Date "2024.01.30"]
[Round "9"]
[White "otrov-11"]
[Black "rcmz"]
[Result "0-1"]
[WhiteElo "2465"]
[BlackElo "2162"]
[TimeControl "180+1"]
[EndTime "15:41:43 PST"]
[Termination "rcmz won by checkmate"]

1. e4 Nf6 2. Nc3 d5 3. e5 d4 4.
exf6 dxc3 5. bxc3 gxf6 6. Nf3 e5 7. d3 Bg4 8. Be2 Nc6 9. Nh4 Be6 10. Bg4 Qd7 11.
Bxe6 Qxe6 12. Qf3 O-O-O 13. O-O Ne7 14. Ba3 Ng6 15. Nf5 Bxa3 16. Rab1 Qc6 17. Qg4 Kb8 18. g3 h5 19. Qe2 h4 20. f3 hxg3 21. hxg3 Rdg8 22.
Qe4 Qxe4 23. dxe4 Bc5+ 24. Kg2 Nf4# 0-1

[Event "Late-Titled-Tuesday-Blitz-January-30-2024"]
[Site "Chess.com"]
[Date "2024.01.30"]
[Round "9"]
[White "JakubPulpan"]
[Black "temus_galaktionov"]
[Result "1-0"]
[WhiteElo "2724"]
[BlackElo "2873"]
[TimeControl "180+1"]
[EndTime "15:41:44 PST"]
[Termination "JakubPulpan won by resignation"]

1. a3 c6 2. b4 d6 3. Bb2 Nd7 4. d4 Ngf6 5. Nf3 g6 6. Nbd2 Bg7 7. e4 O-O 8. Be2 a5 9. O-O b5 10. a4 bxa4 11. Rxa4 Bb7 12. c4 axb4 13. Rxb4 Qc7 14. e5 dxe5 15. dxe5 Ng4 16. e6 fxe6 17. Bxg7 Kxg7 18.
c5 Ngf6 19. Ng5 Nxc5 20. Nb3 Nfd7 21. Nxc5 Nxc5 22. Qd4+ Kg8 23. Qxc5 Rf5 24. Qe3 Re5 25. Qg3 Rc8 26. Rxb7 1-0

[Event "Late-Titled-Tuesday-Blitz-January-30-2024"]
[Site "Chess.com"]
[Date "2024.01.30"]
[Round "9"]
[White "Orest_Vovk"]
[Black "AsaHoffmann"]
[Result "1-0"]
[WhiteElo "2500"]
[BlackElo "2352"]
[TimeControl "180+1"]
[EndTime "15:41:45 PST"]
[Termination "Orest_Vovk won by resignation"]

1. h4 e5 2. h5 d5 3. h6 Nxh6 4.
d4 e4 5. Bxh6 gxh6 6. e3 Be6 7. c4 c6 8. Nc3 Nd7 9. Qb3 Nf6 10. Qxb7 Qc8 11. Qxc8+ Rxc8 12. c5 h5 13. b4 Be7 14. a4 O-O 15. b5 Bd7 16. Nge2 Rb8 17.
Nf4 Bd8 18. Nxh5 Nxh5 19. Rxh5 Ba5 20. Kd2 cxb5 21. axb5 Bxc3+ 22. Kxc3 Bxb5 23. Bxb5 Rxb5 24. Rxd5 Rfb8 25. Ra2 Rb1 26. Re5 Rc1+ 27. Rc2 Rg1 28. g3 a5 29. Rxe4 a4 30. d5 Rb3+ 31. Kd4 Rd1+ 32.
Ke5 a3 33. Ra2 Kg7 34. Rg4+ Kh6 35. e4 Rdd3 36. f4 Rb2 37. Ra1 a2 38. Rh1+ 1-0

[Event "Late-Titled-Tuesday-Blitz-January-30-2024"]
[Site "Chess.com"]
[Date "2024.01.30"]
[Round "9"]
[White "Akhayan"]
[Black "koncheto"]
[Result "1-0"]
[WhiteElo "2365"]
[BlackElo "2484"]
[TimeControl "180+1"]
[EndTime "15:41:54 PST"]
[Termination "Akhayan won by checkmate"]

1. e4 c5 2. Nf3 d6 3. d4 cxd4 4. Nxd4 Nf6 5. Nc3 Nc6 6. Bc4 e6 7. Be3 a6 8. Qe2 Qc7 9. Bb3 Be7 10. O-O-O b5 11. g4 Bb7 12. g5 Nd7 13. Bxe6 fxe6 14.
Nxe6 Qa5 15. Nxg7+ Kf7 16. Nf5 b4 17. Qh5+ Kf8 18. g6 bxc3 19. g7+ Kg8 20. Nh6+ Kxg7 21. Qf7# 1-0

[Event "Late-Titled-Tuesday-Blitz-January-30-2024"]
[Site "Chess.com"]
[Date "2024.01.30"]
[Round "9"]
[White "jk13"]
[Black "NovakRatko"]
[Result "1-0"]
[WhiteElo "2673"]
[BlackElo "2391"]
[TimeControl "180+1"]
[EndTime "15:42:04 PST"]
[Termination "jk13 won by resignation"]

1. e4 d5 2. exd5 c6 3. d4 c5 4.
dxc5 Nf6 5. c4 e5 6. Nf3 Bxc5 7. Be2 e4 8. Nd4 O-O 9. O-O a6 10. Nc3 b5 11. cxb5 Nxd5 12. Nxe4 Ba7 13. Bg5 f5 14.
Bxd8 Ne3 15. fxe3 Bb6 16. Bxb6 Rd8 17. Qb3+ Be6 18. Qxe6+ 1-0

[Event "Late-Titled-Tuesday-Blitz-January-30-2024"]
[Site "Chess.com"]
[Date "2024.01.30"]
[Round "9"]
[White "JCVanDamme10"]
[Black "ACollins05"]
[Result "0-1"]
[WhiteElo "2304"]
[BlackElo "2456"]
[TimeControl "180+1"]
[EndTime "15:42:06 PST"]
[Termination "ACollins05 won by resignation"]

1. e4 c5 2. Nf3 d6 3. d4 cxd4 4.
Nxd4 Nf6 5. Nc3 Nc6 6. Be3 Ng4 7.
Nxc6 Nxe3 8. Nxd8 Nxd1 9. Rxd1 Kxd8 10. e5 Bf5 11. Bd3 Bxd3 12. Rxd3 a6 13. Ke2 Rc8 14. Rhd1 Kd7 15. R1d2 Rc6 16. exd6 Rxd6 17. Rxd6+ exd6 18. Nd5 Be7 19. c4 b5 20. cxb5 axb5 21. Rc2 Bd8 22. Kd3 Re8 23. f4 Re1 24. g3 Ba5 25. b4 Bd8 26. Re2 Rb1 27. Kc2 Ra1 28. Kb2 Rd1 29.
Nc3 Bf6 30. Kb3 Rd3 31. Rc2 h5 32. a4 bxa4+ 33. Kc4 Rxc3+ 34. Rxc3 Bxc3 35. Kxc3 Kc6 36. Kc4 d5+ 37. Kd4 Kb5 0-1

[Event "Late-Titled-Tuesday-Blitz-January-30-2024"]
[Site "Chess.com"]
[Date "2024.01.30"]
[Round "9"]
[White "akanga001"]
[Black "BestestBP"]
[Result "0-1"]
[WhiteElo "1996"]
[BlackElo "2263"]
[TimeControl "180+1"]
[EndTime "15:42:07 PST"]
[Termination "BestestBP won on time"]

1. d4 Nf6 2. c4 e6 3. Nf3 Bb4+ 4. Nbd2 O-O 5. a3 Bxd2+ 6. Bxd2 d5 7. e3 c5 8. Qc2 cxd4 9. exd4 dxc4 10. Bxc4 Nc6 11. Be3 b6 12. O-O Bb7 13. Rad1 Rc8 14. Bg5 h6 15. Bh4 Na5 16. b3 Bxf3 17. gxf3 b5 18. Bxf6 Qxf6 19. Qd2 Nxc4 20. bxc4 bxc4 21. d5 c3 22. Qd3 exd5 23. Qxd5 Rfd8 24. Qe4 Rxd1 25. Rxd1 c2 26. Rc1 Qg5+ 0-1

[Event "Late-Titled-Tuesday-Blitz-January-30-2024"]
[Site "Chess.com"]
[Date "2024.01.30"]
[Round "9"]
[White "Defend1r"]
[Black "Kildepiotr"]
[Result "1-0"]
[WhiteElo "2557"]
[BlackElo "2697"]
[TimeControl "180+1"]
[EndTime "15:42:14 PST"]
[Termination "Defend1r won by resignation"]

1. e4 g6 2. d4 Bg7 3. Bc4 c6 4. Bb3 d5 5. e5 Nh6 6. h3 f6 7. Nf3 Nf7 8. exf6 exf6 9. O-O O-O 10. c4 dxc4 11. Bxc4 Kh8 12. Nc3 Nd7 13. a4 Nb6 14. b3 Nxc4 15. bxc4 Nd6 16. Ba3 Re8 17. Qb3 Be6 18. d5 cxd5 19. cxd5 Bg8 20. Rad1 b6 21. Nb5 Bf8 22. Bxd6 Bxd6 23. Nfd4 Bc5 24. Ne6 Qd7 25. Nec7 a6 26. Nxe8 Rxe8 27. Nc3 Rd8 28. Ne4 Bxd5 29. Qc3 Be7 30. Nxf6 Bxf6 31. Qxf6+ Kg8 32. Rfe1 Rf8 33.
Qe5 1-0

[Event "Late-Titled-Tuesday-Blitz-January-30-2024"]
[Site "Chess.com"]
[Date "2024.01.30"]
[Round "9"]
[White "Azerichess"]
[Black "rasmussvane"]
[Result "1/2-1/2"]
[WhiteElo "3073"]
[BlackElo "2965"]
[TimeControl "180+1"]
[EndTime "15:42:19 PST"]
[Termination "Game drawn by agreement"]

1. d4 Nf6 2. Bg5 d5 3. Nd2 Nbd7 4. Ngf3 e6 5. e4 dxe4 6. Nxe4 h6 7. Nxf6+ Nxf6 8. Bxf6 Qxf6 9. Ne5 Bd6 10. Qd3 Bxe5 11. Qb5+ Bd7 12. Qxe5 Qxe5+ 13. dxe5 Bc6 14. O-O-O Ke7 15.
f3 Rad8 16. Bc4 g5 17. Rxd8 Rxd8 18. Rd1 Rxd1+ 19. Kxd1 f6 20. exf6+ Kxf6 21. Ke2 e5 22. Ke3 a5 23. Bd3 b6 24. c3 Bd5 25. a4 c5 26.
Bc2 Bc6 27. Kf2 h5 28. g3 h4 29. Ke3 hxg3 30. hxg3 Bd5 31. Bd1 Bc6 32. Kd3 Bd5 33. Ke3 Bc6 1/2-1/2

[Event "Late-Titled-Tuesday-Blitz-January-30-2024"]
[Site "Chess.com"]
[Date "2024.01.30"]
[Round "9"]
[White "Doudou2015"]
[Black "McCarthyStone"]
[Result "0-1"]
[WhiteElo "2177"]
[BlackElo "2360"]
[TimeControl "180+1"]
[EndTime "15:42:19 PST"]
[Termination "McCarthyStone won on time"]

1. e4 e5 2. Bc4 d6 3. c3 Nf6 4. d4 exd4 5. Nf3 Nxe4 6. Qxd4 Nc5 7. O-O Ne6 8. Re1 Nc6 9. Qg4 h5 10. Qg3 d5 11. Bb5 h4 12. Qg4 Be7 13. Ne5 Qd6 14. Bf4 Nxf4 15. Qxf4 Be6 16. Bxc6+ bxc6 17. Nd2 g5 18. Qe3 Bf6 19. Ng6 Rg8 0-1

[Event "Late-Titled-Tuesday-Blitz-January-30-2024"]
[Site "Chess.com"]
[Date "2024.01.30"]
[Round "9"]
[White "ArtemDyachuk"]
[Black "ContrVersia"]
[Result "0-1"]
[WhiteElo "2637"]
[BlackElo "2842"]
[TimeControl "180+1"]
[EndTime "15:42:29 PST"]
[Termination "ContrVersia won by checkmate"]

1. d4 Nf6 2. c4 g6 3. Nc3 Bg7 4. e4 O-O 5. f3 d6 6. Be3 c5 7. dxc5 dxc5 8. Qxd8 Rxd8 9. Bxc5 Nc6 10. Nge2 b6 11. Ba3 Nd7 12. Rd1 Ba6 13. Nc1 Nc5 14.
Nd5 e6 15. Nc7 Rxd1+ 16. Kxd1 Rd8+ 17. Ke1 Bb7 18. Nb5 Bh6 19. Nb3 a6 20. Nc3 Nxb3 21.
axb3 Nd4 22. Be7 Rd7 23. Bf6 Be3 24. b4 Nc2+ 25. Ke2 Rd2# 0-1

[Event "Late-Titled-Tuesday-Blitz-January-30-2024"]
[Site "Chess.com"]
[Date "2024.01.30"]
[Round "9"]
[White "FairChess_on_YouTube"]
[Black "TigrVShlyape"]
[Result "1-0"]
[WhiteElo "3092"]
[BlackElo "2958"]
[TimeControl "180+1"]
[EndTime "15:42:36 PST"]
[Termination "FairChess_on_YouTube won on time"]

1. e4 e5 2. Nf3 Nc6 3. d4 exd4 4.
Nxd4 Bc5 5. Be3 Qf6 6. c3 Nge7 7. Bb5 Bb6 8. O-O O-O 9. a4 d5 10.
Bxc6 bxc6 11. a5 Bc5 12. Nd2 Ba6 13. Re1 Bd6 14. N2f3 dxe4 15. Bg5 Qg6 16. Bxe7 Bxe7 17. Ne5 Qg5 18. Rxe4 c5 19. h4 Qh6 20. Nf5 Qf6 21. Qf3 Bc8 22. Nxe7+ Qxe7 23. Ng6 Qd6 24. Nxf8 Bb7 25.
Nxh7 1-0

[Event "Late-Titled-Tuesday-Blitz-January-30-2024"]
[Site "Chess.com"]
[Date "2024.01.30"]
[Round "9"]
[White "cthulhuuu"]
[Black "RantomOpening"]
[Result "1-0"]
[WhiteElo "2421"]
[BlackElo "2520"]
[TimeControl "180+1"]
[EndTime "15:42:41 PST"]
[Termination "cthulhuuu won by resignation"]

1. e4 c5 2. Nf3 e6 3. d3 Nc6 4. g3 Nf6 5. Bg2 d5 6. Nbd2 Be7 7. O-O O-O 8. e5 Nd7 9. Re1 Qc7 10. Qe2 b5 11. h4 Bb7 12. Nf1 d4 13. Bf4 Nb6 14. N1h2 Nd5 15. Bg5 Rae8 16. Ng4 Bxg5 17. hxg5 Nce7 18.
Nf6+ gxf6 19. gxf6 Nf5 20. g4 Nf4 21. Qd2 Nxg2 22.
Kxg2 Bxf3+ 23. Kxf3 Qc6+ 24. Re4 Kh8 25. Rh1 Ne3 26.
fxe3 Rg8 27. Rxh7+ Kxh7 28. Qh2+ 1-0

[Event "Late-Titled-Tuesday-Blitz-January-30-2024"]
[Site "Chess.com"]
[Date "2024.01.30"]
[Round "9"]
[White "Alex_Banzea"]
[Black "GMKrikor"]
[Result "1-0"]
[WhiteElo "2642"]
[BlackElo "2783"]
[TimeControl "180+1"]
[EndTime "15:42:42 PST"]
[Termination "Alex_Banzea won on time"]

1. d4 Nf6 2. Nc3 d5 3. Bf4 a6 4. e3 Bf5 5. f3 h6 6. g4 Bh7 7.
Bd3 Bxd3 8. Qxd3 e6 9. Nge2 c5 10.
e4 Nc6 11. O-O-O c4 12. Qe3 Bb4 13. h4 dxe4 14. fxe4 Nxg4 15. Qg3 h5 16. d5 exd5 17. Nxd5 Qa5 18. Nc7+ Kf8 19. a3 Bxa3 20. Qxa3+ Qxa3 21. bxa3 Rc8 22. Rhf1 Kg8 23. Rd7 f6 24. Ne6 Rh7 25. Rxb7 c3 26. Rd1 Nce5 27. Bxe5 Nxe5 28. Nxc3 1-0

[Event "Late-Titled-Tuesday-Blitz-January-30-2024"]
[Site "Chess.com"]
[Date "2024.01.30"]
[Round "9"]
[White "GasconJR"]
[Black "Matalon"]
[Result "1-0"]
[WhiteElo "2605"]
[BlackElo "2468"]
[TimeControl "180+1"]
[EndTime "15:42:42 PST"]
[Termination "GasconJR won by resignation"]

1. e4 c5 2. Nf3 d6 3. d4 cxd4 4. Nxd4 Nf6 5. Nc3 e5 6. Bb5+ Nbd7 7. Nf5 a6 8. Bxd7+ Qxd7 9. Ne3 Qc6 10. Ned5 Nxd5 11.
Nxd5 Be6 12. O-O Rc8 13. c4 b5 14. cxb5 axb5 15. Be3 Bxd5 16. exd5 Qb7 17. a4 Be7 18. Qb3 Rb8 19. a5 Ra8 20. Rfc1 O-O 21. Rc6 Ra6 22. Rb6 Rxb6 23. axb6 Ra8 24. Ra7 Rxa7 25. bxa7 Qa6 26.
Qa3 1-0

[Event "Late-Titled-Tuesday-Blitz-January-30-2024"]
[Site "Chess.com"]
[Date "2024.01.30"]
[Round "9"]
[White "HajiyevKanan"]
[Black "GAO"]
[Result "1-0"]
[WhiteElo "2556"]
[BlackElo "2386"]
[TimeControl "180+1"]
[EndTime "15:42:42 PST"]
[Termination "HajiyevKanan won by resignation"]

1. d4 Nf6 2. Nf3 e6 3. c4 d5 4.
cxd5 exd5 5. Nc3 Bb4 6. Qa4+ Nc6 7. Bd2 O-O 8. e3 Re8 9. Bd3 a5 10. O-O Ne7 11. Qc2 c6 12. Ne5 Bd6 13. f4 Ng6 14.
Be1 Bd7 15. Kh1 b5 16. Bf2 a4 17. Ne2 Rc8 18. b3 a3 19. Rac1 Ng4 20. Nxd7 Qxd7 21.
Bf5 Nxf2+ 22. Rxf2 Qe7 23. Bxc8 Rxc8 24. Qd3 Nf8 25.
Nc3 Re8 26. Re2 Nd7 27. Rf1 Nf6 28. Qf5 g6 29. Qg5 Kg7 30. h3 h6 31. Qh4 Bb4 32.
Nd1 Ne4 33. Qxe7 Rxe7 34. Kh2 Kf6 35. Nf2 Nc3 36. Ng4+ Kg7 37. Rc2 h5 38. Ne5 Re6 39. Rfc1 Rf6 40. Rxc3 1-0

[Event "Late-Titled-Tuesday-Blitz-January-30-2024"]
[Site "Chess.com"]
[Date "2024.01.30"]
[Round "9"]
[White "TheCavemanChess"]
[Black "Eduard_Limonov"]
[Result "0-1"]
[WhiteElo "2688"]
[BlackElo "2875"]
[TimeControl "180+1"]
[EndTime "15:42:45 PST"]
[Termination "Eduard_Limonov won by resignation"]

1. e4 c6 2. d4 d5 3. e5 c5 4. Nf3 cxd4 5. Qxd4 Nc6 6. Qf4 g6 7. Nc3 Bh6 8. Qh4 Bg7 9. Bb5 h6 10. O-O e6 11. Qg3 Ne7 12. Ne2 Bd7 13. Bxc6 bxc6 14. Nf4 Nf5 15. Qh3 c5 16. c4 d4 17. b4 cxb4 18. Bb2 Bc6 19. Rad1 Bxf3 20. Qxf3 Bxe5 21. Qc6+ Kf8 22. Nxe6+ fxe6 23. Qxe6 Qd6 24. Qxd6+ Bxd6 25. g4 Nh4 26. f4 Kf7 27. Bxd4 Rhd8 28. Kf2 Bxf4 0-1

[Event "Late-Titled-Tuesday-Blitz-January-30-2024"]
[Site "Chess.com"]
[Date "2024.01.30"]
[Round "9"]
[White "Szparu"]
[Black "blitis"]
[Result "0-1"]
[WhiteElo "2779"]
[BlackElo "2640"]
[TimeControl "180+1"]
[EndTime "15:42:54 PST"]
[Termination "blitis won by checkmate"]

1. e4 c5 2. Nf3 a6 3. c4 d6 4. d4 cxd4 5. Nxd4 Nf6 6. Nc3 e6 7. Be2 Be7 8. O-O O-O 9. Be3 b6 10. Qd2 Bb7 11. f3 Qc7 12. Rfc1 Nbd7 13. b4 Rac8 14. Rab1 Qb8 15. Na4 Bd8 16. Kh1 Bc7 17. Bg1 d5 18. cxd5 exd5 19. exd5 Bf4 20. Be3 Bxe3 21. Qxe3 Nxd5 22. Qd2 N7f6 23. Nf5 Rxc1+ 24. Rxc1 Bc8 25. Nd4 Re8 26. Nc3 Nxb4 27. Bc4 b5 28. Bb3 Qd6 29. a3 Nc6 30. Ncxb5 axb5 31. Rxc6 Qf4 32.
Qc3 Bd7 33. Rc7 Qxc7 34. Qxc7 Re1# 0-1

[Event "Late-Titled-Tuesday-Blitz-January-30-2024"]
[Site "Chess.com"]
[Date "2024.01.30"]
[Round "9"]
[White "Walter_White_Poland"]
[Black "kikoveiga"]
[Result "0-1"]
[WhiteElo "2334"]
[BlackElo "2525"]
[TimeControl "180+1"]
[EndTime "15:43:02 PST"]
[Termination "kikoveiga won by resignation"]

1. e4 Nc6 2. Nf3 Nf6 3. d4 Nxe4 4. d5 Nb8 5. Qd4 Nf6 6. Bg5 d6 7. Bxf6 exf6 8. Nc3 Be7 9. Bd3 O-O 10. O-O-O Nd7 11. h4 Ne5 12. Bxh7+ Kxh7 13. Ng5+ Kg8 14. f4 Ng4 15. Rde1 fxg5 16. hxg5 Bf5 17. Rh3 Bxg5 18. fxg5 Qxg5+ 19. Kb1 Rfe8 20. Reh1 Nh6 21. Rh5 Qg6 22. g4 Bxc2+ 23. Kc1 Be4 24. g5 Bxh1 25. gxh6 Re1+ 26. Kd2 Rae8 27. hxg7 Qxh5 0-1

[Event "Late-Titled-Tuesday-Blitz-January-30-2024"]
[Site "Chess.com"]
[Date "2024.01.30"]
[Round "9"]
[White "GoltsevDmitry2000"]
[Black "ozates"]
[Result "0-1"]
[WhiteElo "2801"]
[BlackElo "2645"]
[TimeControl "180+1"]
[EndTime "15:43:07 PST"]
[Termination "ozates won by checkmate"]

1. e4 c5 2. Nf3 Nc6 3. d4 cxd4 4. Nxd4 e5 5. Nf5 d5 6. Qxd5 Qxd5 7. exd5 Bxf5 8. dxc6 bxc6 9. Bd3 Bxd3 10. cxd3 f5 11. Nc3 Nf6 12. Be3 Bd6 13. O-O-O O-O 14. f3 a5 15. d4 e4 16. Bg5 Nd5 17. fxe4 Nxc3 18. bxc3 fxe4 19. Rhf1 Rxf1 20. Rxf1 Bxh2 21. Re1 Re8 22.
c4 h6 23. Be3 g5 24. Kc2 Kg7 25. Rb1 Bf4 26. Rb7+ Kg6 27. Bf2 e3 28. Be1 Kf5 29.
Rb6 Ke4 30. Rxc6 Kxd4 31. Bc3+ Ke4 32. Rxh6 e2 33. Be1 Kd4 34. Rc6 Be3 35. Bc3+ Ke4 36.
Rf6 Bd4 37. Bxd4 Kxd4 38. Rd6+ Kxc4 39. Rc6+ Kd5 40. Rg6 e1=Q 41. Rxg5+ Re5 42. Rg8 Qe2+ 43. Kb3 Qc4+ 44. Kb2 Re2+ 45. Ka3 Qb4# 0-1

[Event "Late-Titled-Tuesday-Blitz-January-30-2024"]
[Site "Chess.com"]
[Date "2024.01.30"]
[Round "9"]
[White "leotobares"]
[Black "maurovargas01"]
[Result "1-0"]
[WhiteElo "2402"]
[BlackElo "1884"]
[TimeControl "180+1"]
[EndTime "15:43:07 PST"]
[Termination "leotobares won on time"]

1. d4 d5 2. c4 e6 3. Nc3 c6 4. e3 Nf6 5. Nf3 Nbd7 6. Bd3 dxc4 7. Bxc4 b5 8. Be2 Bb7 9. e4 b4 10. e5 bxc3 11. exf6 cxb2 12. fxg7 Bxg7 13. Bxb2 Qa5+ 14.
Nd2 O-O 15. O-O Rab8 16. Nc4 Qc7 17. Ba3 c5 18. dxc5 Bxa1 19. Qxa1 Bd5 20. Qd4 Bxc4 21. Bxc4 Rfd8 22. Qg4+ Kh8 23. Qh5 Qe5 24. Qxf7 Qf5 25. Qe7 Ne5 26. Bxe6 Qg6 27. Bb3 Nf3+ 28. Kh1 Nd2 29.
Bb2+ 1-0

[Event "Late-Titled-Tuesday-Blitz-January-30-2024"]
[Site "Chess.com"]
[Date "2024.01.30"]
[Round "9"]
[White "reevecanada"]
[Black "ural58"]
[Result "0-1"]
[WhiteElo "2586"]
[BlackElo "2483"]
[TimeControl "180+1"]
[EndTime "15:43:08 PST"]
[Termination "ural58 won by checkmate"]

1. e4 d5 2. exd5 Qxd5 3. Nc3 Qa5 4. Rb1 e5 5. Bc4 Nc6 6. Qh5 g6 7. Qf3 f5 8. Bb5 Bd7 9. Qd1 a6 10. Bxc6 Bxc6 11. Nf3 O-O-O 12. O-O e4 13. Ng5 Nf6 14.
Nf7 Bd6 15. Nxh8 Qe5 16. g3 Rxh8 17. b3 h5 18. Bb2 h4 19. Ne2 Qe7 20. Nf4 Bxf4 21.
gxf4 g5 22. fxg5 Rg8 23. Kh1 Rxg5 24. f3 exf3 25. Rf2 Ng4 26. Qf1 Nxf2+ 27. Qxf2 Rg2 28. Qd4 f2 29. Qh8+ Qd8 30. Qxd8+ Kxd8 31. h3 Rg1+ 32. Kh2 Rxb1 33. Bf6+ Ke8 34. Bxh4 f1=Q 35. Kg3 Re1 36. Kh2 Qg2# 0-1

[Event "Late-Titled-Tuesday-Blitz-January-30-2024"]
[Site "Chess.com"]
[Date "2024.01.30"]
[Round "9"]
[White "Baby_Legs"]
[Black "Mops_2004"]
[Result "0-1"]
[WhiteElo "2625"]
[BlackElo "2778"]
[TimeControl "180+1"]
[EndTime "15:43:10 PST"]
[Termination "Mops_2004 won by resignation"]

1. d4 g6 2. e4 Bg7 3. Nc3 d6 4. Be3 a6 5. Qd2 b5 6. O-O-O Bb7 7. f3 Nd7 8. Kb1 e6 9. g4 h6 10. h4 Ne7 11. Nh3 c5 12. Bg2 Qc7 13. f4 b4 14. Ne2 Nf6 15. Nf2 a5 16. g5 hxg5 17. hxg5 Rxh1 18. Rxh1 Nh5 19. Bf3 Ba6 20. Bxh5 gxh5 21.
Rxh5 Bxe2 22. Qxe2 cxd4 23. Bc1 Kf8 24. Nd3 Rc8 25.
Qh2 Kg8 26. b3 d5 27. e5 Nf5 28. Qe2 Ng3 0-1

[Event "Late-Titled-Tuesday-Blitz-January-30-2024"]
[Site "Chess.com"]
[Date "2024.01.30"]
[Round "9"]
[White "cristiano78"]
[Black "shirovin"]
[Result "1-0"]
[WhiteElo "2292"]
[BlackElo "2058"]
[TimeControl "180+1"]
[EndTime "15:43:12 PST"]
[Termination "cristiano78 won by checkmate"]

1. d4 Nf6 2. c4 g6 3. Nc3 Bg7 4. Nf3 d6 5. e4 O-O 6. Be2 e5 7. O-O Nc6 8. d5 Ne7 9. Ne1 Nd7 10. Be3 f5 11. f3 f4 12. Bf2 g5 13. Nb5 Nf6 14. Nxa7 Bd7 15. Nd3 h5 16. c5 g4 17.
cxd6 cxd6 18. Qb3 Rb8 19. Bb6 Qe8 20. a4 Qg6 21. Nb5 Ne8 22. Rac1 Rf7 23. Nc7 Rc8 24.
Nxe8 Rxe8 25. Rc7 Bc8 26. Rfc1 Bf8 27. Ne1 Rg7 28. Kf1 gxf3 29. Bxf3 Bg4 30. Rxb7 Kh8 31. Rcc7 Bxf3 32. Qxf3 Nf5 33. exf5 Qxf5 34. Rxg7 Bxg7 35. Qc3 e4 36. Qxg7# 1-0

[Event "Late-Titled-Tuesday-Blitz-January-30-2024"]
[Site "Chess.com"]
[Date "2024.01.30"]
[Round "9"]
[White "ImportedItalianMaple"]
[Black "Meri-Arabidze"]
[Result "0-1"]
[WhiteElo "2480"]
[BlackElo "2727"]
[TimeControl "180+1"]
[EndTime "15:43:13 PST"]
[Termination "Meri-Arabidze won by resignation"]

1. e4 c5 2. Nf3 e6 3. d4 cxd4 4.
Qxd4 Nc6 5. Qe3 a6 6. Nc3 d6 7.
Bd2 Nf6 8. O-O-O Be7 9. h3 Qc7 10. g4 O-O 11. g5 Nd7 12. h4 b5 13. Kb1 Nc5 14. h5 b4 15. Ne2 Ne5 16. Nxe5 dxe5 17. Bxb4 Rb8 18. Bd2 Bb7 19. Bg2 Rfc8 20. Nc3 Nd7 21.
g6 Nf6 22. gxf7+ Kxf7 23. h6 g6 24. Rdf1 Bc5 25. Qg3 Bd4 26. f4 Ba8 27. f5 Bxc3 28. fxg6+ Ke7 29. Rxf6 Rxb2+ 30. Kc1 Bxd2+ 31. Kxb2 Qxc2+ 32. Ka3 Rc3+ 0-1

[Event "Late-Titled-Tuesday-Blitz-January-30-2024"]
[Site "Chess.com"]
[Date "2024.01.30"]
[Round "9"]
[White "BilodeauA"]
[Black "Alex_Sahakyan2006"]
[Result "1-0"]
[WhiteElo "3028"]
[BlackElo "2868"]
[TimeControl "180+1"]
[EndTime "15:43:15 PST"]
[Termination "BilodeauA won by resignation"]

1. e4 e5 2. Nf3 Nc6 3. Bc4 Nf6 4. d3 Bc5 5. Nc3 d6 6. h3 a6 7. a4 h6 8. Be3 Bb4 9. O-O O-O 10. Nd5 Nxd5 11.
Bxd5 Ne7 12. Ba2 c6 13. c3 Ba5 14. d4 Ng6 15. b4 Bc7 16. a5 Qf6 17. Nh2 Nf4 18.
Qf3 d5 19. exd5 e4 20. Qxe4 cxd5 21. Qf3 Nxh3+ 22. Kh1 Qd6 23. g3 Be6 24. Rae1 Rae8 25.
Bd2 Ng5 26. Bxg5 hxg5 27. Qh5 f6 28. Bb1 f5 29. Nf3 Rf6 30. Qxe8+ Kh7 31. Rxe6 1-0

[Event "Late-Titled-Tuesday-Blitz-January-30-2024"]
[Site "Chess.com"]
[Date "2024.01.30"]
[Round "9"]
[White "jinbojinbo"]
[Black "english_player_89"]
[Result "1-0"]
[WhiteElo "2624"]
[BlackElo "2433"]
[TimeControl "180+1"]
[EndTime "15:43:16 PST"]
[Termination "jinbojinbo won on time"]

1. Nf3 Nf6 2. g3 d5 3. Bg2 c6 4. O-O Bf5 5. d3 e6 6. Nbd2 h6 7. Re1 Be7 8. e4 Bh7 9. Qe2 O-O 10. e5 Nfd7 11. Nf1 c5 12. h4 Nc6 13. Bf4 Re8 14. N1h2 a5 15. Ng4 Bf8 16. Qd2 a4 17. a3 Nd4 18. Nxd4 cxd4 19. h5 Rc8 20. Re2 Qb6 21. Rb1 Bxa3 22. Bxh6 gxh6 23. Nxh6+ Kf8 24. Qf4 Re7 25. Ng4 Ke8 26. Qh6 Nf8 27. Nf6+ Kd8 28. Qxf8+ Kc7 29. Qh6 Bg8 30. Nxd5+ exd5 31. Qxb6+ Kxb6 32. bxa3+ Ka5 33. Bxd5 b5 34. f4 Rc3 35. Ra1 Bh7 36. Kf2 Rd7 37. Bf3 Rdc7 38. Ra2 b4 39.
axb4+ Kxb4 40. g4 a3 41. f5 Ka4 42. Kg3 R3c5 43. Kf4 Rb5 44. g5 Rb2 45. Bd5 Bg8 46. h6 Kb4 47. g6 Rc5 48. gxf7 1-0

[Event "Late-Titled-Tuesday-Blitz-January-30-2024"]
[Site "Chess.com"]
[Date "2024.01.30"]
[Round "9"]
[White "mightysmasher"]
[Black "Korchmar_Vasiliy"]
[Result "1-0"]
[WhiteElo "2584"]
[BlackElo "2711"]
[TimeControl "180+1"]
[EndTime "15:43:21 PST"]
[Termination "mightysmasher won by resignation"]

1. e4 c5 2. c3 d5 3. exd5 Nf6 4. d4 Nxd5 5. Nf3 e6 6. Be2 Nc6 7. O-O cxd4 8. Nxd4 Bd6 9. Nxc6 bxc6 10. c4 Nf4 11.
Bf3 O-O 12. c5 Be5 13. Qxd8 Rxd8 14. Bxf4 Bxf4 15. Nc3 Rb8 16. b3 Be5 17. Rac1 Ba6 18. Rfe1 Bd4 19. Ne4 Bb5 20. Red1 Bb2 21. Rb1 Be5 22.
Nd6 a5 23. Nxb5 cxb5 24. c6 Bc7 25. Rd7 Rxd7 26. cxd7 Rd8 27. Bc6 b4 28. Ba4 Kf8 29. Rc1 Bb6 30. Kf1 Ke7 31. Rc6 Bd4 32. Ra6 Rb8 33. Rxa5 Rb6 34. Ra8 Rd6 35. Re8+ Kf6 36. d8=Q+ 1-0